 Dungeon Crawl Stone Soup version 0.28-a0-1506-g3893175d92 (webtiles) character file.

Game seed: 4991829200967835487

593 murtidash the Chopper (level 7, -1/54 (64) HPs)
             Began as a Hill Orc Delver on Jan 13, 2022.
             Slain by a wight (3 damage)
             ... on level 4 of the Dungeon.
             The game lasted 00:08:41 (3525 turns).

murtidash the Chopper (Hill Orc Delver)             Turns: 3525, Time: 00:08:42

HP:   -1/54 (64)    AC: 13    Str: 17    XL:     7   Next: 39%
MP:   7/7           EV:  4    Int: 10    God:
Gold: 160           SH:  0    Dex: 12    Spells: 6/6 levels left

rFire   . . .      SeeInvis .   a - +0 hand axe
rCold   . . .      Faith    .   t - orb {light}
rNeg    . . .      Spirit   .   m - +0 chain mail
rPois   +          Reflect  .   (no helmet)
rElec   .          Harm     .   (no cloak)
rCorr   .          Rampage  .   (no gloves)
Will    .....                   (no boots)
Stlth   ..........              k - amulet of regeneration {+regen, !d}
HPRegen 0.98/turn               s - +4 ring of protection
MPRegen 0.10/turn               A - ring of poison resistance {rPois, !d}

@: glowing, constricted, heavily drained
A: no striking features
a: no special abilities


You were on level 4 of the Dungeon.
You visited 1 branch of the dungeon, and saw 5 of its levels.

You collected 160 gold pieces.

Inventory:

Hand Weapons
 a - a +0 hand axe (weapon)
 w - a +2 short sword of holy wrath
   (You took it off a kobold on level 2 of the Dungeon)
Armour
 b - a +0 leather armour
 m - a +0 chain mail (worn)
   (You found it on level 1 of the Dungeon)
 t - an orb of light (worn)
   (You found it on level 4 of the Dungeon)
Jewellery
 k - an amulet of regeneration (around neck) {+regen, !d}
   (You found it on level 5 of the Dungeon)
 l - a ring of resist corrosion
   (You found it on level 5 of the Dungeon)
 s - a +4 ring of protection (left hand)
   (You found it on level 2 of the Dungeon)
 u - an amulet of the acrobat
   (You found it on level 4 of the Dungeon)
 A - a ring of poison resistance (right hand) {rPois, !d}
   (You found it on level 3 of the Dungeon)
Wands
 e - a wand of iceblast (2)
   (You found it on level 4 of the Dungeon)
 g - a wand of digging (3)
Scrolls
 c - a scroll of fog
 d - a scroll of magic mapping {!r}
 h - 4 scrolls of identify {unknown}
 n - a scroll of immolation {unknown}
 o - 3 scrolls of teleportation {unknown}
 p - a scroll of vulnerability {unknown}
 y - a scroll of enchant armour {unknown}
 z - a scroll of blinking {unknown}
 C - a scroll of torment {unknown}
Potions
 f - 2 potions of curing {unknown}
 i - 2 potions of heal wounds {unknown}
 j - a potion of degeneration {unknown}
 q - a potion of berserk rage {!q}
 r - a potion of attraction {unknown}
 v - a potion of magic {unknown}
 x - a potion of brilliance {unknown}
 B - a potion of lignification {unknown}


   Skills:
 + Level 6.6 Fighting
 + Level 6.6 Axes
 + Level 4.1 Armour
 - Level 1.5 Dodging
 - Level 4.1 Stealth


You had 6 spell levels left.
You didn't know any spells.
Your spell library was empty.

Dungeon Overview and Level Annotations

Branches:
Dungeon (5/15)
 Temple: D:4-7

Altars:
Beogh


Message History

You climb downwards.
There is a stone staircase leading up here.
You regained 2 hp, and now have 56/61 hp.
The wight barely misses you. The wight hits you with a +0 halberd.
There is a stone staircase leading up here.
You hit the wight. The wight hits you with a +0 halberd!
You take 8 damage, and have 51/61 hp.
You hit the wight. The wight hits you but does no damage.
You hit the wight. The wight hits you with a +0 halberd!
You feel drained.
You take 6 damage, and have 46/59 hp.
You hit the wight but do no damage. The wight hits you with a +0 halberd!
You feel drained.
You take 9 damage, and have 37/57 hp.
You are too injured to fight recklessly!
You are too injured to fight recklessly!
You are too injured to fight recklessly!
You are too injured to fight recklessly!
You are too injured to fight recklessly!
You are too injured to fight recklessly!
You are too injured to fight recklessly!
You are too injured to fight recklessly!
You are too injured to fight recklessly!
You are too injured to fight recklessly!
You are too injured to fight recklessly!
You are too injured to fight recklessly!
You are too injured to fight recklessly!
You are too injured to fight recklessly!
You are too injured to fight recklessly!
You are too injured to fight recklessly!
You hit the wight. The wight hits you with a +0 halberd!
You take 8 damage, and have 29/57 hp.
You hit the wight but do no damage. The wight barely misses you.
You slash the wight! The wight hits you with a +0 halberd.
You hit the wight.
You destroy the wight!
Things that are here:
a +0 halberd; a +0 robe A wight comes into view.
It is wielding a +4 scimitar of freezing.
Health restored: 59 You barely miss the wight.
The wight hits you with a +4 scimitar of freezing.
The wight freezes you.
You take 6 damage, and have 53/59 hp.
You hit the wight.
The wight hits you with a +4 scimitar of freezing.
The wight freezes you.
You take 1 damage, and have 52/59 hp.
You hit the wight but do no damage.
A ball python comes into view.
The wight barely misses you.
The ball python hisses angrily.
You hit the wight but do no damage.
The wight hits you with a +4 scimitar of freezing.
You feel drained. The wight freezes you.
You take 8 damage, and have 45/58 hp.
You barely miss the wight.
The wight hits you with a +4 scimitar of freezing.
You feel drained. The wight freezes you.
You take 7 damage, and have 38/57 hp.
You are too injured to fight recklessly!
You are too injured to fight recklessly!
You are too injured to fight recklessly!
You are too injured to fight recklessly!
You are too injured to fight recklessly!
You are too injured to fight recklessly!
You are too injured to fight recklessly!
You are too injured to fight recklessly!
You are too injured to fight recklessly!
You are too injured to fight recklessly!
You are too injured to fight recklessly!
You are too injured to fight recklessly!
You are too injured to fight recklessly!
You are too injured to fight recklessly!
You are too injured to fight recklessly!
You are too injured to fight recklessly!
You are too injured to fight recklessly!
You are too injured to fight recklessly!
You barely miss the wight. The wight completely misses you.
You hit the wight.
The wight hits you with a +4 scimitar of freezing!
You feel drained. The wight freezes you.
You take 20 damage, and have 19/55 hp.
MASSIVE DAMAGE!!
You hit the wight but do no damage. The wight hits you but does no damage.
You hit the wight but do no damage. You barely miss the ball python.
The ball python bites you. The ball python grabs you.
The ball python constricts you.
The wight hits you with a +4 scimitar of freezing.
* * * LOW HITPOINT WARNING * * *
You feel drained.
* * * LOW HITPOINT WARNING * * *
The wight freezes you.
* * * LOW HITPOINT WARNING * * *
You take 9 damage, and have 11/54 hp.
You hit the wight but do no damage. You hit the ball python.
The ball python barely misses you. The ball python constricts you.
The wight hits you with a +4 scimitar of freezing!
* * * LOW HITPOINT WARNING * * *
The wight freezes you.
You die...

##.##.#.#.#####
..###.........##..
........#.###.##.#
# ######.<#.# ..#.#
#..#.# #.#.# #..#.#
#.#.#
#....######...#
#####.....<)...S..#
#.......(......@.##
#.###..########z.#
#.# #..# #..#
##.###..# #..#
#...##..# #[[#
#...##..# #.[.
........#### #..##
..^.......... ...#
........#####


You could see a wight and a ball python.

Vanquished Creatures
  Menkaure (D:4)
  2 ogres (D:4)
  4 wights
  An orc priest (D:4)
  2 iguanas
  A worm (D:4)
  4 orcs
  A ball python (D:2)
  9 bats
  8 endoplasms
  6 giant cockroaches
  2 goblins
  5 hobgoblins
  4 quokkas
  9 kobolds
  3 rats
62 creatures vanquished.

Notes
Turn   | Place    | Note
-------+----------+-------------------------------------------
     0 | D:5      | murtidash the Hill Orc Delver began the quest for the Orb.
     0 | D:5      | Reached XP level 1. HP: 19/19 MP: 1/1
   243 | D:5      | Noticed an ogre
   302 | D:4      | Noticed an ogre
   383 | D:3      | Reached skill level 3 in Axes
   399 | D:3      | Reached XP level 2. HP: 19/25 MP: 2/2
   411 | D:3      | Reached skill level 4 in Fighting
   864 | D:1      | Reached XP level 3. HP: 31/34 MP: 3/3
  1312 | D:2      | Reached skill level 4 in Axes
  1872 | D:2      | Found a roughly hewn altar of Beogh.
  1899 | D:2      | Found a faded altar of an unknown god.
  2556 | D:3      | Reached XP level 4. HP: 41/41 MP: 4/4
  2909 | D:4      | Killed an ogre
  2910 | D:4      | Reached skill level 5 in Fighting
  2910 | D:4      | Reached skill level 1 in Armour
  2910 | D:4      | Reached XP level 5. HP: 23/48 MP: 5/5
  2958 | D:4      | Noticed an ogre
  2976 | D:3      | Reached skill level 5 in Axes
  2976 | D:3      | Reached skill level 2 in Armour
  2993 | D:4      | HP: 7/48 [ogre (25)]
  3294 | D:4      | Noticed Menkaure
  3300 | D:4      | Killed Menkaure
  3301 | D:4      | Reached skill level 3 in Armour
  3301 | D:4      | Reached XP level 6. HP: 30/57 MP: 6/6
  3381 | D:4      | Reached skill level 6 in Fighting
  3381 | D:4      | Reached skill level 6 in Axes
  3405 | D:3      | Reached XP level 7. HP: 21/57 MP: 7/7
  3464 | D:3      | Reached skill level 4 in Armour
  3525 | D:4      | HP: 2/54 [wight (10)]
  3525 | D:4      | Slain by a wight

Illustrated notes

Levels and vault maps discovered:
D:1:      lightli_arrival_lavapool, layout_basic
D:2:      layout_loops_ring, hellmonk_ecumenical_altar_defaced_shrine,
          chequers_avenue
D:3:      layout_basic, roderic_roman_lattice, grunt_decor_junction,
          kennysheep_potato
D:4:      layout_loops_ring, minmay_temple_entry_arrows, uniq_menkaure,
          uniq_eustachio
D:5:      layout_gridville, chequers_serial_rivers_micro_e

Skill      XL: |  1  2  3  4  5  6  7 |
---------------+----------------------+-----
Axes           | 3 4 5 6 |  6.6
Fighting       | 4 5 6 |  6.6
Armour         | 1 3 4 |  4.1
Dodging        | |  1.5
Stealth        | |  4.1

Action                   |  1- 3 |  4- 6 |  7- 9 || total
-------------------------+-------+-------+-------++-------
Melee: Hand axe          |   155 |    43 |    31 ||   229
Evoke: Wand              |       |     5 |       ||     5
  Use: Potion            |     1 |     1 |       ||     2
       Scroll            |       |     2 |       ||     2
 Stab: Sleeping          |     4 |       |       ||     4
Armor: Leather armour    |    28 |       |       ||    28
       Chain mail        |    78 |     6 |     8 ||    92
Dodge: Dodged            |    82 |    15 |    14 ||   111

Table legend: (Time is in decaauts)
 A = Elapsed time spent in this place.
 B = Non-inter-level travel time spent in this place.
 C = Inter-level travel time spent in this place.
 D = Time resting spent in this place.
 E = Time spent auto-exploring this place.
 F = Levels seen in this place.
 G = Mean time per level.
                   A        B        C        D        E       F      G
               +--------+--------+--------+--------+--------+-----+--------+
         Total |   3539 |   3185 |    354 |     42 |   2075 |   5 |  707.8 |
       Dungeon |   3539 |   3185 |    354 |     42 |   2075 |   5 |  707.8 |
               +--------+--------+--------+--------+--------+-----+--------+

Top non-repeatable levels by time:
     D:3: 1512 daAuts
     D:2: 668 daAuts
     D:1: 602 daAuts
     D:4: 455 daAuts
     D:5: 300 daAuts

Table legend:
 A = Kills in this place as a percentage of kills in entire the game.
 B = Kills by you in this place as a percentage of kills by you in the entire game.
 C = Kills by friends in this place as a percentage of kills by friends in the entire game.
 D = Other kills in this place as a percentage of other kills in the entire game.
 E = Experience gained in this place as a percentage of experience gained in the entire game.
 F = Experience gained in this place divided by the number of levels of this place that you have seen.
                   A       B       C       D       E      F
               +-------+-------+-------+-------+-------+----------------------
         Total | 100.0 | 100.0 |   N/A |   N/A | 100.0 | 169.6
       Dungeon | 100.0 | 100.0 |   N/A |   N/A | 100.0 | 169.6
               +-------+-------+-------+-------+-------+----------------------
